 Dungeon Crawl Stone Soup version 0.20-a0-1034-gb277f92 (webtiles) character file.

10101 Alarkh the Carver (level 11, -1/72 HPs)
             Began as a Demonspawn Fighter on Apr 21, 2017.
             Was a Priest of Okawaru.
             Killed from afar by an ice dragon (16 damage)
             ... with a blast of cold
             ... in an ice cave.
             The game lasted 00:20:31 (14686 turns).

Alarkh the Carver (Demonspawn Fighter)             Turns: 14686, Time: 00:20:32

Health: -1/72      AC: 13    Str: 16    XL:     11   Next: 31%
Magic:  11/11      EV: 15    Int: 13    God:    Okawaru [***...]
Gold:   462        SH:  9    Dex: 13    Spells: 10/10 levels left

rFire    . . .     SeeInvis .   a - +2 long sword (elec)
rCold    + + .     Gourm    .   c - +0 shield
rNeg     . . .     Faith    .   i - +0 scale mail
rPois    .         Spirit   .   d - +2 helmet
rElec    .         Reflect  .   h - +2 cloak
rCorr    .         Harm     .   (no gloves)
MR       .....     Rnd*Rage +   (no boots)
Stlth    +++.......             (no amulet)
Regen    0.3/turn               v - +6 ring of evasion
MPRegen  0.2/turn               B - ring of ice

@: very slightly contaminated
A: talons 1, berserk 1, cold resistance 1, fire resistance 1, frail 1,
nightstalker 3
a: Heroism, Renounce Religion


You were in an ice cave.
You worshipped Okawaru.
Okawaru was most pleased with you.
You were hungry.

You visited 3 branches of the dungeon, and saw 12 of its levels.
You also visited: Sewer and Ice Cave.

You collected 665 gold pieces.
You spent 203 gold pieces at shops.

Inventory:

Hand Weapons
 a - a +2 long sword of electrocution (weapon)
 b - a +2 short sword of venom
 l - a +2 dagger of draining
 C - a +0 long sword
Missiles
 x - 2 throwing nets (quivered)
Armour
 c - a +0 shield (worn)
 d - a +2 helmet (worn)
 h - a +2 cloak (worn)
 i - a +0 scale mail (worn)
Jewellery
 v - a +6 ring of evasion (left hand)
 B - a ring of ice (right hand)
Scrolls
 e - a scroll of identify
 g - a scroll of random uselessness
 n - 3 scrolls of amnesia
 o - 3 scrolls of remove curse
 r - a scroll of blinking
 w - a scroll of fog
 y - a scroll of immolation
 z - a scroll of holy word
 A - a scroll of enchant armour
Potions
 k - 2 potions of flight
 p - 3 potions of magic
 u - a potion of curing
Books
 s - a book of Geomancy

   Spells                             Type                      Level
   a - Sandblast                      Earth                        1
   b - Passwall                       Transmutation/Earth          2
   c - Stone Arrow                    Conjuration/Earth            3
   d - Petrify                        Transmutation/Earth          4
   e - Lee's Rapid Deconstruction     Earth                        5
Comestibles
 f - 4 bread rations
 m - 3 royal jellies
 q - a meat ration
 t - 10 fruits


   Skills:
 + Level 5.4 Fighting
 * Level 13.7 Long Blades
 + Level 4.6 Armour
 + Level 3.8 Dodging
 + Level 5.2 Shields
 + Level 0.0 Invocations


You had 10 spell levels left.
You didn't know any spells.

Dungeon Overview and Level Annotations

Branches:
Dungeon (10/15)            Temple (1/1) D:6            Lair (1/6) D:8
    Orc (0/2) D:9

Altars:
Ashenzari
Cheibriados
Dithmenos
Elyvilon
Fedhas
Gozag
Hepliaklqana
Kikubaaqudgha
Makhleb
Nemelex Xobeh
Okawaru
Qazlal
Ru
Sif Muna
Trog
Uskayaw
Vehumet
Wu Jian
Xom
Yredelemnul
Zin
The Shining One

Shops:
D:5 !   D:6 !

Annotations:
D:8 Lochraine's ghost, novice TrWr
D:10 Malvoorn's ghost, novice DsBe IceCv exclusion: ice statue


Innate Abilities, Weirdness & Mutations

You have sharp toenails.
Your flesh is heat resistant. (rF+)
You are completely attuned to the shadows.
You tend to lose your temper in combat.
Your flesh is cold resistant. (rC+)
You are frail. (-10% HP)


Message History

You hit the ice dragon but do no damage.
Lightning courses through the ice dragon!
Your kick misses the ice dragon.
The ice dragon is almost dead.
The ice dragon closely misses you.
The ice dragon claws you but does no damage.
The ice dragon closely misses you.
You hit the ice dragon but do no damage.
The ice dragon is almost dead.
The ice dragon bites you but does no damage.
The ice dragon claws you.
* * * LOW HITPOINT WARNING * * *
The ice dragon tramples you but does no damage.
Unknown command.
You hit the ice dragon but do no damage.
You claw the ice dragon, but do no damage.
The ice dragon is almost dead.
The ice dragon breathes frost at you. The blast of cold hits you!
You die...

##.###..## ###
##..#### ##....####
##......###
######...## ###..##
### ##DD### #####.##
###....# .#.#...###
###.@.....
..#..#...####.........
##.#####..#...........
### ###............
#............
###.........
#......... ###.......
# #8#


You could see 2 ice dragons.

Vanquished Creatures
  Fannar (D:10)
  2 two-headed ogres
  2 rime drakes (IceCv)
  2 hippogriffs
  A shadow (D:9)
  7 yaks
  The ghost of Alarkh the Slasher, an amateur DsFi (D:3)
  Menkaure (D:6)
  Edmund (D:3)
  2 porcupines
  16 ice beasts
  4 orc warriors
  A sky beast (D:9)
  A black bear (D:7)
  6 ogres
  4 centaurs
  2 crocodiles (Lair:1)
  11 bullfrogs
  A water moccasin zombie (D:6)
  A water moccasin skeleton (D:5)
  2 scorpions
  6 howler monkeys
  3 crimson imps
  3 orc priests
  4 hounds
  2 iron imps (D:9)
  9 orc wizards
  2 bullfrog skeletons
  5 iguanas
  6 worker ants
  A worker ant zombie (D:6)
  9 adders
  8 gnolls
  A shadow imp (D:7)
  12 white imps (Lair:1)
  An ooze (D:2)
  2 adder skeletons
  A worm (D:4)
  2 leopard geckos
  30 orcs
  16 giant cockroaches
  10 goblins
  4 hobgoblins
  26 jackals
  3 quokkas
  2 ball pythons (Sewer)
  2 bats
  14 frilled lizards
  3 kobolds
  6 rats
  A toadstool (D:1)
263 creatures vanquished.

Vanquished Creatures (others)
  A bush (D:6)
  3 toadstools (D:1)
4 creatures vanquished.

Grand Total: 267 creatures vanquished

Notes
Turn   | Place    | Note
-------+----------+-------------------------------------------
     0 | D:1      | Alarkh the Demonspawn Fighter began the quest for the Orb.
     0 | D:1      | Reached XP level 1. HP: 18/18 MP: 1/1
   264 | D:1      | Reached skill level 2 in Long Blades
   506 | D:1      | You fall through a shaft!
   660 | D:1      | Gained mutation: You are slightly more attuned to the shadows. [demonic ancestry]
   660 | D:1      | Reached XP level 2. HP: 24/24 MP: 2/2
  1198 | D:2      | Reached skill level 3 in Long Blades
  1202 | D:2      | Gained mutation: You are significantly more attuned to the shadows. [demonic ancestry]
  1202 | D:2      | Reached XP level 3. HP: 13/29 MP: 3/3
  1202 | D:2      | HP: 1/29 [gnoll/halberd (12)]
  1984 | D:3      | Reached skill level 4 in Long Blades
  1984 | D:3      | Reached XP level 4. HP: 29/35 MP: 4/4
  2087 | D:3      | Noticed Alarkh's ghost (amateur DsFi)
  2112 | D:3      | Gained mutation: You tend to lose your temper in combat. [potion of mutation]
  2112 | D:3      | Gained mutation: You are frail. (-10% HP) [potion of mutation]
  2112 | D:3      | Gained mutation: You have sharp toenails. [potion of mutation]
  2112 | D:3      | Gained mutation: Your flesh is cold resistant. (rC+) [potion of mutation]
  2494 | D:3      | Found a blossoming altar of Fedhas.
  2957 | D:4      | Noticed an ogre
  2961 | D:4      | Killed an ogre
  2961 | D:4      | Reached skill level 5 in Long Blades
  2961 | D:4      | Gained mutation: Your flesh is heat resistant. (rF+) [demonic ancestry]
  2961 | D:4      | Reached XP level 5. HP: 36/36 MP: 5/5
  3560 | D:4      | Noticed Edmund
  3672 | D:3      | Killed Edmund
  3672 | D:3      | Reached skill level 6 in Long Blades
  3672 | D:3      | Reached XP level 6. HP: 42/42 MP: 6/6
  3954 | D:4      | Found a shadowy altar of Dithmenos.
  4887 | D:5      | Entered Level 5 of the Dungeon
  5086 | D:5      | Found a glowing drain.
  5134 | Sewer    | Entered a sewer
  5235 | Sewer    | Reached skill level 7 in Long Blades
  5292 | Sewer    | Reached XP level 7. HP: 46/46 MP: 7/7
  5332 | Sewer    | HP: 2/46 [adder (1)]
  6236 | D:5      | Found Iciomi's Distillery.
  6242 | D:5      | Bought a potion of might for 44 gold pieces
  6242 | D:5      | Bought a potion of curing for 33 gold pieces
  6792 | D:5      | Reached skill level 8 in Long Blades
  7349 | D:6      | Found Zoopimub's Distillery.
  7353 | D:6      | Bought a potion of might for 56 gold pieces
  7353 | D:6      | Bought a potion of heal wounds for 70 gold pieces
  7385 | D:6      | Reached XP level 8. HP: 51/52 MP: 8/8
  7411 | D:6      | Noticed Menkaure
  7429 | D:6      | Killed Menkaure
  7429 | D:6      | Reached skill level 9 in Long Blades
  8345 | D:6      | Reached skill level 10 in Long Blades
  8530 | D:6      | Found a staircase to the Ecumenical Temple.
  9053 | D:7      | Noticed a two-headed ogre
  9080 | D:7      | Killed a two-headed ogre
  9080 | D:7      | Reached skill level 11 in Long Blades
  9080 | D:7      | Gained mutation: You are completely attuned to the shadows. [demonic ancestry]
  9080 | D:7      | Reached XP level 9. HP: 21/56 MP: 9/9
  9505 | D:7      | Reached skill level 12 in Long Blades
 10218 | D:8      | Noticed Lochraine's ghost (novice TrWr)
 10811 | D:8      | Mutation became permanent: You have sharp toenails. [demonic ancestry]
 10811 | D:8      | Gained mutation: You have sharp toenails. [demonic ancestry]
 10811 | D:8      | Reached XP level 10. HP: 63/63 MP: 10/10
 10916 | D:8      | Found a staircase to the Lair.
 11208 | D:9      | Found a burning altar of Makhleb.
 11414 | D:3      | Killed Alarkh's ghost
 11415 | D:3      | Reached skill level 1 in Dodging
 11652 | Temple   | Entered the Ecumenical Temple
 11877 | Temple   | Became a worshipper of Warmaster Okawaru
 11971 | D:9      | Noticed a two-headed ogre
 12010 | D:9      | Killed a two-headed ogre
 12010 | D:9      | Reached skill level 13 in Long Blades
 12393 | D:9      | Reached * piety under Okawaru
 12755 | D:9      | Found a snail-covered altar of Cheibriados.
 13534 | D:9      | Found a staircase to the Orcish Mines.
 13632 | D:10     | Entered Level 10 of the Dungeon
 13634 | D:10     | Noticed Fannar
 13660 | D:10     | Killed Fannar
 13660 | D:10     | Reached ** piety under Okawaru
 13711 | D:10     | Reached skill level 5 in Fighting
 13733 | D:10     | Noticed Malvoorn's ghost (novice DsBe)
 13765 | D:9      | Reached XP level 11. HP: 71/71 MP: 11/11
 13823 | Lair:1   | Entered Level 1 of the Lair of Beasts
 13954 | Lair:1   | Found a frozen archway.
 14171 | IceCv    | Entered an ice cave
 14363 | IceCv    | Reached *** piety under Okawaru
 14363 | IceCv    | Reached skill level 5 in Shields
 14631 | IceCv    | Noticed an ice dragon
 14636 | IceCv    | Noticed an ice dragon
 14686 | IceCv    | Killed from afar by an ice dragon

Vault maps used:
D:1:      ldierk_water_garden, corexii_corridor_pit
D:3:      fedhas_altar_3, columned_hall_lemuel
D:4:      marbit_many_paths, uniq_edmund
D:5:      serial_shops, nicolae_shop_crystal, first_bread, portal_sewer_entry_f,
          dk_noncrumbling_4
D:6:      temple_pool_b, serial_shops, shop, kb_lookout_dungeons_type,
          uniq_menkaure
D:8:      grunt_lair_entry_orc_guard_hut
D:9:      slow_altar_2, makhleb_grotto_becter
D:10:     uniq_fannar, uniq_joseph, uniq_psyche, uniq_harold
Temple:   dpeg_five_rooms_temple
Lair:1:   portal_ice_cave_entry_imps
Sewer:    sewer_frog_island_01
IceCv:    ice_cave_small_dragons

Skill      XL: |  1  2  3  4  5  6  7  8  9 10 11 |
---------------+----------------------------------+-----
Long Blades    | 2 3 4 5 6 7 8 11 12 13 | 13.7
Armour         | 4 |  4.6
Shields        | 4 5 |  5.2
Dodging        | 3 |  3.8
Fighting       | 5 |  5.4

Action                   |  1- 3 |  4- 6 |  7- 9 | 10-12 || total
-------------------------+-------+-------+-------+-------++-------
Melee: Long sword        |    92 |   220 |   223 |   178 ||   713
       Kick              |       |    66 |   159 |   132 ||   357
       Dagger            |       |       |    71 |       ||    71
       Short sword       |       |       |   231 |   295 ||   526
Throw: Throwing net      |       |       |     1 |       ||     1
Invok: Heroism           |       |       |       |     5 ||     5
  Use: Scroll            |     3 |     5 |     6 |     3 ||    17
       Potion            |     1 |     5 |     5 |     1 ||    12
 Stab: Invisible         |     2 |       |       |     1 ||     3
       Sleeping          |     2 |     2 |    13 |    12 ||    29
  Eat: Chunk             |     1 |     8 |    19 |    12 ||    40
       Meat ration       |     1 |       |       |       ||     1
Armor: Scale mail        |    30 |    85 |   279 |   105 ||   499
Dodge: Dodged            |    19 |    55 |   155 |   185 ||   414
Block: Shield            |    44 |    98 |   231 |   133 ||   506
       Rpst.: Long sword |     4 |    21 |    21 |    29 ||    75
